Unix NetHack Version 3.7.0-88 Work-in-progress - last build Aug 2 2023 11:53:20 (50dcb167e66cc4b65203c8f4589b38ca9541e2bd,branch:master). Game began 2023-08-05 17:02:17, ended 2023-08-06 04:08:48. horga, neutral male human Monk ------- ------- |1$22.|-- |..|.>| |121.1-.| |.....| --|`.111|-| |.--.--- |G)1221$+.| --.|..`.---- |'|1.1.$|-| --..|.......| |@|1....-=| |...|---....| |C|..$.1|-- |...|%.|...%| |.|------ |...|.......| |.| --`.....|....-- |a| |....|..|.....| |.| |....|--|.....| |.| |...-- --.|..| |.| ----- |.---- |.-------------------).| |h%.................%..| ------------------------ Horga the Student of Stones St:17 Dx:18 Co:16 In:7 Wi:16 Ch:8 Neutral S:21960 Dlvl:5 $:884 HP:0(70) Pw:61(61) AC:0 Xp:10/5154 T:10800 Latest messages: You see no objects here. What do you want to write with? [- ipuwzAFGIMNP-RU-WZ or ?*] - Do you want to add to the current engraving? [ynq] (y) n You wipe out the message that was written in the dust here. You write in the dust with your fingertip. What do you want to write in the dust here? Elbereth Something is written here in the dust. You read: "Elbereth". You see no objects here. The forest centaur turns to flee. The flesh golem hits! The flesh golem misses! Something is written here in the dust. You read: "Elbereth". You see no objects here. You hit the flesh golem! The flesh golem hits! The flesh golem hits again! What do you want to drink? [fH or ?*] f You feel better. What do you want to drink? [fH or ?*] ? Never mind. What do you want to zap? [izAFGMRUV or ?*] ? In what direction? 8 The wand hits the flesh golem! The wand hits the gnome king! The forest centaur hits! The forest centaur misses! What do you want to zap? [izAFGMRUV or ?*] ? Never mind. What do you want to drink? [fH or ?*] ? You feel better. The flesh golem hits! The flesh golem hits again! The forest centaur hits! The forest centaur just misses! The forest centaur hits! The forest centaur kicks! What do you want to zap? [izAFGMRUV or ?*] ? In what direction? 8 The wand hits the flesh golem! The flesh golem resists! The wand misses the gnome king. The flesh golem hits! The flesh golem hits again! The forest centaur just misses! The forest centaur misses! The forest centaur hits! You die... Do you want to see the dungeon overview? [ynq] (y) y Inventory: Coins $ - 884 gold pieces Armor C - a blessed rusty +2 dwarvish iron helm (being worn) y - an uncursed very burnt +2 pair of leather gloves (being worn) S - an uncursed +0 pair of iron shoes (being worn) q - a blessed +3 dwarvish cloak (being worn) Comestibles x - an uncursed slime mold d - an uncursed tripe ration m - an uncursed lichen corpse L - 2 uncursed lizard corpses Scrolls O - an uncursed scroll of teleportation Potions f - 2 uncursed potions of healing Rings u - an uncursed ring of free action N - a cursed ring of polymorph w - an uncursed ring of slow digestion (on left hand) p - an uncursed ring of stealth (on right hand) Wands M - a wand of cancellation (0:6) F - a cursed wand of fire (0:3) A - a wand of magic missile (0:1) U - a wand of make invisible (0:3) R - a wand of probing (0:5) V - a wand of probing (0:3) i - a wand of striking (0:3) G - a wand of undead turning (0:5) z - a cursed wand of undead turning (0:5) Tools b - an uncursed sack containing 35 items t - an uncursed lock pick W - a magic marker (0:38) a - a blessed oil lamp k - an uncursed skeleton key P - an uncursed towel h - a +0 unicorn horn Gems/Stones Z - an uncursed worthless piece of yellow glass I - an uncursed luckstone Q - an uncursed touchstone Contents of the sack: an uncursed scroll of blank paper an uncursed scroll of confuse monster an uncursed scroll of create monster an uncursed scroll of destroy armor a cursed scroll of destroy armor 2 uncursed scrolls of earth an uncursed scroll of enchant armor an uncursed scroll of enchant weapon an uncursed scroll of fire a cursed scroll of light an uncursed scroll of magic mapping an uncursed scroll of remove curse a cursed scroll of remove curse an uncursed scroll of teleportation 3 uncursed scrolls of teleportation an uncursed potion of confusion an uncursed potion of extra healing 2 uncursed potions of gain ability an uncursed potion of gain level an uncursed potion of monster detection 4 uncursed potions of water an uncursed ring of cold resistance a cursed ring of teleportation a cursed ring of teleportation 2 uncursed garnet stones an uncursed jade stone 3 uncursed worthless pieces of black glass an uncursed worthless piece of blue glass 2 uncursed worthless pieces of green glass an uncursed worthless piece of red glass 7 uncursed worthless pieces of violet glass 3 uncursed worthless pieces of white glass 3 uncursed worthless pieces of yellow glass 2 uncursed worthless pieces of yellowish brown glass an uncursed luckstone Horga the Monk's attributes: Background: You were a Student of Stones, a level 10 male human Monk. You were neutral, on a mission for Chih Sung-tzu who was opposed by Shan Lai Ching (lawful) and Huan Ti (chaotic). You were in Sokoban, on level 5. You entered the dungeon 10800 turns ago. It was nighttime. You had 5154 experience points, 4846 more were needed to attain level 11. Your score was 21960 before end-of-game adjustments. Basics: You had 0 out of 70 hit points. You had all 61 energy points (spell power). Your armor class was 0. Your wallet contained 884 zorkmids. Autopickup was on for '$"?!=/*' plus thrown, with exceptions. Final Characteristics: Your strength was 17 (limit:18/100). Your dexterity was 18 (limit:18). Your constitution was 16 (limit:18). Your intelligence was 7 (limit:18). Your wisdom was 16 (limit:18). Your charisma was 8 (limit:18). Final Status: You were not hungry. You were unencumbered. You were empty handed. You had master skill with martial arts. Final Attributes: You were piously aligned. You were sleep resistant. You were shock resistant. You were poison resistant. You saw invisible. You were warned. You had automatic searching. You were stealthy. You had slower digestion. You were warded. You were fast. You were very lucky. You had extra luck. Bad luck did not time out for you. Good luck did not time out for you. You are dead. Miscellaneous: You never encountered a bones level. Total elapsed playing time was 2 hours, 50 minutes and 32 seconds. Major events: Turn 1: horga the neutral male human Monk entered the dungeon 237: entered the Gnomish Mines 480: attained the rank of Novice (level 3) 2057: attained the rank of Initiate (level 6) 2323: reached Mine Town 5093: entered Sokoban 5382: completed 1st Sokoban level 5913: completed 2nd Sokoban level 9808: completed 3rd Sokoban level 10669: completed 4th Sokoban level 10788: attained the rank of Student of Stones (level 10) 10800: killed by a forest centaur Vanquished creatures: 2 giant mimics an ogre tyrant a large mimic a wumpus 2 sergeants 2 small mimics an ettin mummy a gelatinous cube a tiger a red naga an ettin zombie a crocodile a quivering blob a cockatrice 8 wolves a leprechaun 2 iron piercers a giant spider a scorpion a horse 2 gnome rulers an orc mummy a rust monster an owlbear a yeti 2 werewolves 3 lizards 3 chickatrices a dingo 3 white unicorns a dust vortex 3 ravens a gnome mummy 5 human zombies a soldier ant 2 bugbears 2 quasits a wood nymph a water nymph a mountain nymph 4 rock piercers a rock mole a fog cloud 2 yellow lights 17 gnome leaders 2 gnomish wizards a kobold mummy 3 straw golems 10 giant ants a little dog 3 floating eyes 17 dwarves 2 homunculi 6 hill orcs 15 rothes a rabid rat 2 giant bats 4 dwarf zombies 3 wererats a werejackal an iguana a killer bee 4 acid blobs 5 coyotes 2 gas spores 5 hobbits 2 hobgoblins 4 giant rats 9 cave spiders 2 brown molds 3 green molds a red mold 57 gnomes 2 gnome zombies 3 geckos 3 jackals 3 kobolds 3 goblins 5 sewer rats 5 grid bugs 9 lichens 2 kobold zombies 8 newts 302 creatures vanquished. No species were genocided or became extinct. Voluntary challenges: You never hit with a wielded weapon. You read items or engraved 16 times. You engraved Elbereth 7 times. You never genocided any monsters. You never polymorphed an object. You used no wishes. You did not violate any of the special Sokoban rules. Achievements: You entered the Gnomish Mines. You attained the rank of Novice. You attained the rank of Initiate. You entered Minetown. You entered a temple. You entered a shop. You entered Sokoban. You attained the rank of Student of Stones. The Dungeons of Doom: levels 1 to 10 Level 1: An altar to Chih Sung-tzu. Level 2: A fountain. Stairs down to The Gnomish Mines. Level 3: An altar to Chih Sung-tzu, many fountains. Level 4: Level 5: A fountain, a grave. Level 6: A fountain. Level 7: Level 8: Many fountains. Level 9: A fountain. Stairs up to Sokoban, level 8. Level 10: The Gnomish Mines: levels 3 to 10 Level 3: Level 4: Level 5: Level 6: Many shops, a temple, some fountains, some trees. Level 7: Level 8: Level 9: Level 10: Sokoban: levels 8 up to 5 Level 5: <- You were here. Solved. Final resting place for you, killed by a forest centaur. Level 6: Solved. Level 7: Solved. Level 8: Solved. Game over: ---------- / \ / REST \ / IN \ / PEACE \ / \ | horga | | 884 Au | | killed by a | | forest centaur | | | | | | 2023 | *| * * * | * _________)/\\_//(\/(/\)/\//\/|_)_______ Goodbye horga the Monk... You died in Sokoban on dungeon level 5 with 21872 points, and 884 pieces of gold, after 10800 moves. You were level 10 with a maximum of 70 hit points when you died.